 Dungeon Crawl Stone Soup version 0.28-a0-239-g68911e0c57 (webtiles) character file.

Game seed: 9725775605807806845

26 rabbitsville the Chopper (level 3, -2/33 HPs)
             Began as a Hill Orc Monk on Aug 23, 2021.
             Slain by a gnoll (6 damage)
             ... on level 1 of the Dungeon.
             The game lasted 00:03:44 (1059 turns).

rabbitsville the Chopper (Hill Orc Monk)            Turns: 1059, Time: 00:03:45

Health: -2/33      AC:  3    Str: 14    XL:     3   Next: 8%
Magic:  3/3        EV: 12    Int: 10    God:
Gold:   35         SH:  0    Dex: 13    Spells: 2/2 levels left

rFire   . . .      SeeInvis .   a - +0 hand axe
rCold   . . .      Faith    .   (no shield)
rNeg    + . .      Spirit   .   g - +0 robe {rN+}
rPois   .          Reflect  .   (no helmet)
rElec   .          Harm     .   (no cloak)
rCorr   .          Rampage  .   (no gloves)
Will    .....                   f - +0 pair of boots
Stlth   ++........              (no amulet)
HPRegen 0.11/turn               (no ring)
MPRegen 0.08/turn               (no ring)

@: no status effects
A: no striking features
a: no special abilities


You were on level 1 of the Dungeon.
You visited 1 branch of the dungeon, and saw 1 of its levels.

You collected 35 gold pieces.

Inventory:

Hand Weapons
 a - a +0 hand axe (weapon)
Armour
 b - a +0 robe
 f - a +0 pair of boots (worn)
 g - a +0 robe of positive energy (worn)
Jewellery
 c - a ring of wizardry
Scrolls
 d - a scroll of brand weapon {unknown}
 e - a scroll of magic mapping {unknown}
Potions
 h - 2 potions of invisibility {unknown}
 i - a potion of lignification {unknown}


   Skills:
 + Level 4.1 Fighting
 * Level 5.1 Axes
 - Level 2.4 Dodging
 - Level 1.5 Stealth


You had 2 spell levels left.
You didn't know any spells.
Your spell library was empty.

Dungeon Overview and Level Annotations

Branches:
Dungeon (1/15)

Altars:


Message History

The ball python barely misses you. The ball python constricts you.
The gnoll hits you with a +0 whip. The bat hits you but does no damage.
The ball python closely misses you. The ball python constricts you.
You barely miss the gnoll.
The gnoll is lightly wounded.
You barely miss the bat. You closely miss the ball python.
The bat barely misses you. The gnoll hits you with a +0 whip!
The ball python bites you but does no damage.
The ball python constricts you. The bat barely misses you.
You hit the gnoll.
The gnoll is moderately wounded.
You hit the ball python.
You kill the ball python!
You closely miss the bat. The bat closely misses you.
The gnoll hits you with a +0 whip.
You hit the gnoll.
The gnoll is heavily wounded.
You barely miss the bat. The bat hits you. The gnoll hits you with a +0 whip!
* * * LOW HITPOINT WARNING * * *
You closely miss the gnoll.
The gnoll is heavily wounded.
The bat closely misses you. The gnoll hits you with a +0 whip.
* * * LOW HITPOINT WARNING * * *
You hit the gnoll.
The gnoll is severely wounded.
You hit the bat. The bat hits you but does no damage. The bat misses you.
The gnoll hits you but does no damage.
You hit the gnoll but do no damage.
The gnoll is severely wounded.
You hit the bat.
You kill the bat!
The gnoll barely misses you.
You hit the gnoll.
The gnoll is almost dead.
The gnoll hits you with a +0 whip.
* * * LOW HITPOINT WARNING * * *
You hit the gnoll but do no damage.
The gnoll is almost dead.
The gnoll hits you with a +0 whip.
You die...

#####...........†.#
#....>...P≈.###...#
#.####≈PP⌠.≈..#...#
####......PP⌠.P..#....#
.......#.P.....###..#...
.##.....PPP...._###..##.#
#.....PP...P###...## #
##.###P.####......# #..
#....##..@...)...# ###..
#####....†g...P.# ....
#######.#..## #.. ...##
#.. #.# #####..
..#####.....†
............ #####......
#####..


You could see a gnoll.

Vanquished Creatures
  A dart slug (D:1)
  3 endoplasms (D:1)
  A giant cockroach (D:1)
  4 goblins (D:1)
  2 hobgoblins (D:1)
  2 ball pythons (D:1)
  4 bats (D:1)
  A frilled lizard (D:1)
  3 kobolds (D:1)
  A rat (D:1)
22 creatures vanquished.

Vanquished Creatures (others)
  3 fungi (D:1)
  5 plants (D:1)
8 creatures vanquished.

Grand Total: 30 creatures vanquished

Notes
Turn   | Place    | Note
-------+----------+-------------------------------------------
     0 | D:1      | rabbitsville the Hill Orc Monk began the quest for the Orb.
     0 | D:1      | Reached XP level 1. HP: 19/19 MP: 1/1
   312 | D:1      | Reached XP level 2. HP: 23/27 MP: 2/2
   875 | D:1      | Reached skill level 5 in Axes
   977 | D:1      | Reached XP level 3. HP: 33/33 MP: 3/3
   993 | D:1      | Found a faded altar of an unknown god.
  1059 | D:1      | Slain by a gnoll

Illustrated notes

Levels and vault maps discovered:
D:1:      amcnicky_arrival_double_pillar, layout_loops_cross,
          shapermc_ecumenical_altar_mp_ritualfount, grunt_decor_clamped

Skill      XL: |  1  2 |
---------------+-------+-----
Fighting       | 4 |  4.1
Axes           | 5 |  5.1
Dodging        | |  2.4
Stealth        | |  1.5

Action                   || total
-------------------------++-------
Melee: Hand axe          ||    85
 Stab: Sleeping          ||     2
Armor: Robe              ||    22
Dodge: Dodged            ||    48

Table legend: (Time is in decaauts)
 A = Elapsed time spent in this place.
 B = Non-inter-level travel time spent in this place.
 C = Inter-level travel time spent in this place.
 D = Time resting spent in this place.
 E = Time spent auto-exploring this place.
 F = Levels seen in this place.
 G = Mean time per level.
                   A        B        C        D        E       F      G
               +--------+--------+--------+--------+--------+-----+--------+
         Total |   1064 |   1064 |      0 |    497 |    290 |   1 | 1064.0 |
       Dungeon |   1064 |   1064 |      0 |    497 |    290 |   1 | 1064.0 |
               +--------+--------+--------+--------+--------+-----+--------+

Top non-repeatable levels by time:
     D:1: 1064 daAuts
